 Dungeon Crawl Stone Soup version 0.18-a0-1405-g73f4075 (webtiles) character file.

15779 dvd the Thaumaturge (level 12, -18/70 HPs)
             Began as a Deep Elf Fire Elementalist on Feb 24, 2016.
             Was an Elder of Vehumet.
             Killed from afar by an orc sorcerer (36 damage)
             ... with a bolt of negative energy
             ... on level 11 of the Dungeon on Feb 25, 2016.
             The game lasted 00:58:26 (13256 turns).

dvd the Thaumaturge (Deep Elf Fire Elementalist)   Turns: 13256, Time: 00:58:31

Health: -18/70     AC: 11    Str:  5    XL:     12   Next: 4%
Magic:  24/40      EV: 16    Int: 26    God:    Vehumet [****..]
Gold:   610        SH:  0    Dex: 15    Spells: 8 memorised, 10 levels left

rFire  . . .     SeeInvis .     F - +7 quarterstaff (chaos)
rCold  . . .     Gourm    .     h - +1 robe of the Country {rPois rCorr}
rNeg   . . .     Faith    .     (shield currently unavailable)
rPois  +         Spirit   .     (helmet restricted)
rElec  .         Dismiss  .     G - +2 cloak {+Inv}
rCorr  +         Reflect  .     x - +2 pair of gloves
SustAt .         Harm     .     L - +0 pair of boots
MR     +....                    s - amulet of regeneration
Stlth  +++.......               y - ring of magical power
                                r - ring of wizardry

@: drained, somewhat resistant to hostile enchantments, fairly stealthy
A: horns 1, molten scales 1, robust 1
a: Renounce Religion, Evoke Invisibility


You were on level 11 of the Dungeon.
You worshipped Vehumet.
Vehumet was greatly pleased with you.
You were not hungry.

You visited 2 branches of the dungeon, and saw 13 of its levels.

You collected 610 gold pieces.

Inventory:

Hand Weapons
 f - a +1 vampiric dagger
 q - a +0 flail of crushing
 F - a +7 quarterstaff of chaos (weapon)
 J - the +10 hunting sling of Tihuoq {freeze, Str+3}
   (You found it on level 8 of the Dungeon)

   It causes projectiles fired from it to freeze those they strike, causing
   extra injury to most foes and up to half again as much damage against
   particularly susceptible opponents.
   They can also slow down cold-blooded creatures.
   It affects your strength (+3).
Armour
 e - a +2 helmet
 h - the +1 robe of the Country (worn) {rPois rCorr}
   (You took it off an orc on level 11 of the Dungeon)

   It protects you from poison.
   It protects you from acid and corrosion.
 x - a +2 pair of gloves (worn)
 G - a +2 cloak of invisibility (worn)
 L - a +0 pair of boots (worn)
 Q - a +2 robe of fire resistance
Jewellery
 a - an uncursed amulet of guardian spirit
 r - a ring of wizardry (left hand)
 s - an amulet of regeneration (around neck)
 y - a ring of magical power (right hand)
 z - an uncursed ring of resist corrosion
 A - an uncursed ring of sustain attributes
 K - the ring "Zaoch" {SustAt Str+2}
   (You found it on level 8 of the Dungeon)

   [ring of sustain attributes]

   It sustains your strength, intelligence and dexterity.
   It affects your strength (+2).
Wands
 B - a wand of confusion (33/48)
 C - a wand of slowing (25/48)
 M - a wand of paralysis (8/24)
 R - a wand of paralysis (11/24)
Scrolls
 d - a scroll of fear {unknown}
 k - 2 scrolls of remove curse
 m - 9 scrolls of identify
 O - a scroll of amnesia
Potions
 g - a potion of brilliance
 l - a potion of agility
 o - 2 potions of flight
 E - a potion of haste
Books
 b - a book of Flames

   Spells                             Type                      Level
   a - Flame Tongue                   Conjuration/Fire             1
   b - Throw Flame                    Conjuration/Fire             2
   c - Conjure Flame                  Conjuration/Fire             3
   d - Inner Flame                    Hexes/Fire                   3
   e - Sticky Flame                   Conjuration/Fire             4
   f - Fireball                       Conjuration/Fire             5
 i - the Catalogue of Necromancy and Summoning
   (You found it on level 11 of the Dungeon)

   Spells                             Type                      Level
   a - Vampiric Draining              Necromancy                   3
   b - Summon Ice Beast               Ice/Summoning                4
   c - Animate Dead                   Necromancy                   4
   d - Excruciating Wounds            Charms/Necromancy            5
   e - Summon Demon                   Summoning                    5
   f - Death Channel                  Necromancy                   6
   g - Spellforged Servitor           Conjuration/Summoning        7
   h - Dragon's Call                  Summoning                    9
 j - the Reference Book on Excruciating Venom
   (You found it on level 11 of the Dungeon)

   Spells                             Type                      Level
   a - Sting                          Conjuration/Poison           1
   b - Cure Poison                    Poison                       2
   c - Mephitic Cloud                 Conjuration/Poison/Air       3
   d - Ignite Poison                  Fire/Transmutation/Poison    3
   e - Spider Form                    Transmutation/Poison         3
   f - Olgreb's Toxic Radiance        Poison                       4
   g - Venom Bolt                     Conjuration/Poison           5
   h - Poisonous Cloud                Conjuration/Poison/Air       6
 v - Kikubaaqudgha's Collected Works on Sinister Secrets
   (You found it on level 7 of the Dungeon)

   Spells                             Type                      Level
   a - Pain                           Necromancy                   1
 S - a book of Maledictions

   Spells                             Type                      Level
   a - Corona                         Hexes                        1
   b - Ensorcelled Hibernation        Hexes/Ice                    2
   c - Confuse                        Hexes                        3
   d - Tukima's Dance                 Hexes                        3
   e - Dazzling Spray                 Conjuration/Hexes            3
Comestibles
 c - 9 bread rations
 p - 12 fruits
 t - 5 meat rations


   Skills:
 + Level 2.9(2.3) Fighting
 + Level 3.2(2.5) Staves
 + Level 8.1(7.3) Dodging
 + Level 5.9(5.2) Stealth
 + Level 13.4(12.6) Spellcasting
 + Level 10.3(9.5) Conjurations
 + Level 3.6(3.0) Hexes
 + Level 0.9(0.3) Translocations
 + Level 11.2(10.4) Fire Magic
 + Level 0.2(0.0) Evocations


You had 10 spell levels left.
You knew the following spells:

 Your Spells              Type           Power        Failure   Level  Hunger
a - Searing Ray           Conj           ######       1%          2    None
b - Throw Flame           Conj/Fire      ######       1%          2    None
c - Sticky Flame          Conj/Fire      ######..     1%          4    None
d - Fireball              Conj/Fire      ######....   1%          5    ###....
e - Confuse               Hex            ####....     1%          3    None
f - Tukima's Dance        Hex            ####....     1%          3    None
g - Iskenderun's Mystic   Conj           ######..     1%          4    None
h - Force Lance           Conj/Tloc      #####...     1%          4    None


Dungeon Overview and Level Annotations

Branches:
Dungeon (12/15)            Temple (1/1) D:5            Lair (0/8) D:11
    Orc (0/2) D:9

Altars:
Ashenzari
Cheibriados
Dithmenos
Elyvilon
Fedhas
Gozag
Kikubaaqudgha
Makhleb
Nemelex Xobeh
Okawaru
Pakellas
Qazlal
Ru
Sif Muna
Trog
Vehumet
Xom
Yredelemnul
Zin
The Shining One

Shops:
D:6 ?   D:7 *   D:10 *

Annotations:
D:1 exclusion: downstairs
D:5 F1L1N's ghost, novice HaFi


Innate Abilities, Weirdness & Mutations

You have a pair of small horns on your head.
You are partially covered in molten scales (AC +1).
You are robust (+10% HP).


Message History

A naga mage comes into view. It is wielding a club.
You are engulfed in a cloud of scalding steam.
The deep elf sorcerer mumbles some strange words.
The deep elf sorcerer seems to speed up.
You can move again.
There is a fountain of clear blue water here.
The deep elf sorcerer gestures at you while chanting.
The hellfire explodes!
The blast of hellfire engulfs you!
* * * LOW HITPOINT WARNING * * *
You hear a shout!
A deep elf mage comes into view. It is wielding a short sword.
Unknown command.
Drink which item? (? for menu, Esc to quit)
You feel better.
You are engulfed in a cloud of scalding steam.
* * * LOW HITPOINT WARNING * * *
The orc sorcerer gestures at you while chanting.
The bolt of negative energy hits you!
You feel drained.
Ouch! That really hurt!
You die...

############ #..#....#..#
#⌠.'.##.'.⌠# ############
#..#....#..# #≈≈≈≈≈≈≈≈≈≈
#####'##'######≈##.....##
..............#≈#...⌠...#≈
..####..####..#≈..⌠...⌠..≈
.....)........#§.......N.≈
..####..####..§§@§..o..⌠.≈
..............#§.........≈
..####..####..#≈§.Y..|⌠..≈
.... .... ....#≈#)..⌠...#≈
#####'##'######≈##..e..##
. .. #≈≈≈≈≈≈≈≈≈≈ .##
#######''### e.≈


You could see a deep elf sorcerer, a deep elf mage, a naga mage, an orc sorcerer
and a sky beast.

Vanquished Creatures
  2 hydras (D:11)
  2 hill giants
  2 deep elf magi (D:11)
  8 naga magi (D:11)
  The ghost of BenSoosneb the Archer, a novice CeHu (D:6)
  2 trolls (D:10)
  A two-headed ogre (D:10)
  A spriggan (D:9)
  3 steam dragons
  2 hippogriffs
  14 yaks
  2 hungry ghosts
  A mottled dragon (D:12)
  5 ice beasts
  6 orc warriors (D:9)
  A phantom (D:10)
  4 sky beasts
  A necrophage (D:5)
  4 ogres
  5 centaurs
  9 giant frogs
  2 big kobolds (D:9)
  A water moccasin zombie (D:9)
  3 scorpions
  A wyvern skeleton (D:11)
  9 killer bees
  5 wights (D:8)
  3 howler monkeys (D:7)
  3 electric eels (D:9)
  4 crimson imps
  A quasit (D:9)
  A centaur zombie (D:6)
  A wasp zombie (D:9)
  4 hounds
  6 jellies
  13 orc priests
  5 giant frog skeletons
  7 orc wizards
  Crazy Yiuf (D:5)
  A centaur skeleton (D:11)
  3 iguanas
  8 worker ants
  A hound zombie (D:8)
  9 gnolls
  5 adders
  An adder zombie (D:7)
  3 worms
  An adder skeleton (D:4)
  2 dart slugs
  13 giant geckos
  65 orcs
  4 bats
  4 giant cockroaches
  7 hobgoblins
  11 jackals
  10 kobolds
  5 quokkas
  3 ball pythons
  9 giant newts
  6 goblins
  A quokka skeleton (D:8)
  11 rats
329 creatures vanquished.

Vanquished Creatures (collateral kills)
  A hill giant (D:11)
1 creature vanquished.

Vanquished Creatures (others)
  A dancing weapon (D:11)
  A fungus (D:6)
2 creatures vanquished.

Grand Total: 332 creatures vanquished

Notes
Turn   | Place    | Note
--------------------------------------------------------------
     0 | D:1      | dvd the Deep Elf Fire Elementalist began the quest for the Orb.
     0 | D:1      | Reached XP level 1. HP: 10/10 MP: 6/6
   153 | D:1      | Reached XP level 2. HP: 15/15 MP: 4/8
   187 | D:1      | Learned a level 2 spell: Throw Flame
   731 | D:1      | Reached XP level 3. HP: 19/19 MP: 1/10
  1198 | D:2      | Found a blossoming altar of Fedhas.
  1930 | D:2      | Reached skill level 4 in Spellcasting
  2098 | D:2      | Found a stormy altar of Qazlal.
  2098 | D:2      | Found a bloodstained altar of Trog.
  2222 | D:3      | Reached XP level 4. HP: 24/24 MP: 7/12
  2228 | D:3      | Learned a level 4 spell: Sticky Flame
  2613 | D:3      | Found a burning altar of Makhleb.
  2699 | D:3      | Found a shimmering altar of Xom.
  2790 | D:3      | Found an opulent altar of Gozag.
  3125 | D:4      | Reached XP level 5. HP: 28/28 MP: 9/14
  3298 | D:4      | Reached skill level 5 in Spellcasting
  3717 | D:5      | Entered Level 5 of the Dungeon
  3824 | D:5      | Reached skill level 5 in Fire Magic
  3893 | D:5      | Reached XP level 6. HP: 32/32 MP: 15/15
  4081 | D:5      | Found a basalt altar of Yredelemnul.
  4085 | D:5      | Found a sparkling altar of Nemelex Xobeh.
  4086 | D:5      | Found an oddly glowing altar of Pakellas.
  4146 | D:5      | Found a staircase to the Ecumenical Temple.
  4167 | D:5      | Learned a level 5 spell: Fireball
  4168 | D:5      | Noticed F1L1N's ghost (novice HaFi)
  4178 | Temple   | Entered the Ecumenical Temple
  4658 | D:5      | Noticed Crazy Yiuf
  4662 | D:5      | Killed Crazy Yiuf
  5393 | D:5      | Reached XP level 7. HP: 32/37 MP: 17/17
  5398 | D:5      | Reached skill level 6 in Spellcasting
  5793 | D:6      | Reached skill level 1 in Fighting
  6052 | D:6      | Reached skill level 5 in Conjurations
  6052 | D:6      | Reached XP level 8. HP: 43/43 MP: 20/20
  6364 | D:6      | Reached skill level 7 in Spellcasting
  6582 | D:6      | Found Ydghink's Magic Scroll Shoppe.
  6642 | D:6      | Noticed BenSoosneb's ghost (novice CeHu)
  6767 | D:6      | Killed BenSoosneb's ghost
  6767 | D:6      | Reached skill level 1 in Staves
  6767 | D:6      | Reached skill level 8 in Spellcasting
  7092 | D:6      | Reached XP level 9. HP: 34/48 MP: 17/23
  7807 | D:7      | Reached skill level 5 in Dodging
  7851 | D:7      | Reached skill level 9 in Spellcasting
  7872 | D:7      | Found an ancient bone altar of Kikubaaqudgha.
  7880 | D:7      | Found a radiant altar of Vehumet.
  7882 | D:7      | Found a deep blue altar of Sif Muna.
  7894 | D:7      | Identified Kikubaaqudgha's Collected Works on Sinister Secrets
  7905 | D:7      | Became a worshipper of Vehumet
  8100 | D:7      | Found Daonlat's Assorted Antiques.
  8315 | D:8      | Got a bound granite ring
  8317 | D:8      | Identified the ring "Zaoch" {SustAt Str+2} (You found it on level 8 of the Dungeon)
  9044 | D:8      | Got a transparent hunting sling
  9045 | D:8      | Identified the +10 hunting sling of Tihuoq {freeze, Str+3} (You found it on level 8 of the Dungeon)
  9210 | D:9      | Reached skill level 5 in Stealth
  9223 | D:9      | Reached skill level 10 in Spellcasting
  9339 | D:9      | Reached * piety under Vehumet
  9339 | D:9      | Offered knowledge of Sandblast by Vehumet.
  9339 | D:9      | Reached XP level 10. HP: 48/53 MP: 4/26
  9814 | D:9      | Found a staircase to the Orcish Mines.
  9962 | D:9      | Offered knowledge of Searing Ray by Vehumet.
  9970 | D:9      | Learned a level 2 spell: Searing Ray
 10011 | D:9      | Reached ** piety under Vehumet
 10279 | D:9      | Found a snail-covered altar of Cheibriados.
 10619 | D:10     | Entered Level 10 of the Dungeon
 10659 | D:10     | Learned a level 3 spell: Confuse
 10663 | D:10     | Learned a level 3 spell: Tukima's Dance
 11107 | D:10     | Offered knowledge of Ignite Poison by Vehumet.
 11179 | D:10     | Noticed a hill giant
 11183 | D:10     | Killed a hill giant
 11183 | D:10     | Reached skill level 11 in Spellcasting
 11183 | D:10     | Reached skill level 10 in Fire Magic
 11273 | D:10     | Found Jufixt's General Store.
 11403 | D:10     | Reached *** piety under Vehumet
 11455 | D:10     | You fall through a shaft for 2 floors!
 11455 | D:12     | Noticed a hill giant
 11465 | D:12     | Killed a hill giant
 11465 | D:12     | Reached XP level 11. HP: 45/58 MP: 23/28
 11512 | D:12     | Gained mutation: You are partially covered in molten scales (AC +1). [potion of mutation]
 11512 | D:12     | Gained mutation: You have a pair of small horns on your head. [potion of mutation]
 11512 | D:12     | Gained mutation: You are robust (+10% HP). [potion of mutation]
 11588 | D:12     | Reached skill level 1 in Hexes
 11734 | D:11     | Found a staircase to the Lair.
 11764 | D:11     | Offered knowledge of Iskenderun's Mystic Blast by Vehumet.
 11858 | D:11     | Noticed a six-headed hydra
 11863 | D:11     | Killed a six-headed hydra
 12069 | D:11     | Reached skill level 12 in Spellcasting
 12074 | D:11     | Reached **** piety under Vehumet
 12089 | D:11     | Got a smoking robe
 12165 | D:10     | Learned a level 4 spell: Iskenderun's Mystic Blast
 12184 | D:10     | Offered knowledge of Force Lance by Vehumet.
 12190 | D:10     | Learned a level 4 spell: Force Lance
 12290 | D:11     | Noticed a deep elf mage
 12292 | D:11     | Killed a deep elf mage
 12327 | D:11     | Noticed a seven-headed hydra
 12577 | D:11     | Reached skill level 10 in Conjurations
 12598 | D:11     | Reached skill level 13 in Spellcasting
 12865 | D:11     | Noticed a six-headed hydra
 12872 | D:11     | Killed a six-headed hydra
 12881 | D:11     | Noticed a deep elf mage
 13037 | D:11     | Killed a deep elf mage
 13147 | D:11     | Noticed a hill giant
 13154 | D:11     | Killed a hill giant
 13154 | D:11     | Reached XP level 12. HP: 70/70 MP: 31/31
 13191 | D:11     | Identified the +1 robe of the Country {rPois rCorr} (You took it off an orc on level 11 of the Dungeon)
 13217 | D:11     | Identified the Catalogue of Necromancy and Summoning
 13227 | D:11     | Identified the Reference Book on Excruciating Venom
 13237 | D:11     | Found a deep blue altar of Sif Muna.
 13250 | D:11     | Paralysed by an orc sorcerer for 5 turns
 13251 | D:11     | Noticed a deep elf sorcerer
 13256 | D:11     | Killed from afar by an orc sorcerer

Vault maps used:
D:1:      minmay_arrival_shattered_statue, hangedman_decor_peaks_small
D:2:      kennysheep_six_static_rooms, nicolae_overflow_crystal_walls,
          gammafunk_temple_overflow_wave, kennysheep_generic_room_15
D:3:      marbit_many_paths, overflow_temple_1_default,
          lemuel_coloured_pillars_altar, first_bread, minmay_unequal
D:5:      grunt_temple_overflow_open, minmay_temple_entry_statues_fountains,
          minmay_lizard_king, uniq_crazy_yiuf_cottage
D:6:      kennysheep_steamy, serial_shops, kennysheep_mini_moat
D:7:      grunt_temple_overflow_magic_moments, serial_shops, shop
D:9:      cheibriados_altar_wand_db, erik_orc_2, the_bakery
D:10:     serial_shops, kennysheep_mini
D:11:     evilmike_library_of_no_secrets, lair_0_dummy
D:12:     serial_shops, nicolae_shop_trees, grunt_decor_cap
Temple:   nicolae_temple_great_sept

Skill      XL: |  1  2  3  4  5  6  7  8  9 10 11 |
---------------+----------------------------------+-----
Dodging        | 3 4 5 6 8 |  8.1
Fire Magic     | 4 5 6 7 9 10 11 | 11.2
Spellcasting   | 4 5 6 8 10 11 13 | 13.4
Conjurations   | 2 3 5 6 7 9 10 | 10.3
Stealth        | 3 4 5 |  5.9
Fighting       | 1 2 |  2.9
Staves         | 1 2 3 |  3.2
Hexes          | 3 |  3.6
Translocations | |  0.9
Evocations     | |  0.2

Action                   |  1- 3 |  4- 6 |  7- 9 | 10-12 || total
-------------------------+-------+-------+-------+-------++-------
Melee: Flail             |       |     5 |       |       ||     5
       Quarterstaff      |       |     7 |    57 |    93 ||   157
       Long sword        |       |     1 |       |       ||     1
 Cast: Flame Tongue      |    48 |    45 |       |       ||    93
       Throw Flame       |    19 |    47 |   112 |    92 ||   270
       Sticky Flame      |       |    11 |    27 |    23 ||    61
       Fireball          |       |     2 |    32 |    81 ||   115
       Tukima's Dance    |       |       |       |    12 ||    12
       Searing Ray       |       |       |       |     5 ||     5
       Force Lance       |       |       |       |     3 ||     3
       Confuse           |       |       |       |     2 ||     2
Evoke: Wand              |       |       |       |     1 ||     1
  Use: Scroll            |       |     7 |     3 |     8 ||    18
       Potion            |       |       |       |    16 ||    16
 Stab: Paralysed         |       |       |     3 |       ||     3
       Petrified         |       |       |     2 |       ||     2
       Sleeping          |       |       |     1 |     2 ||     3
  Eat: Chunk             |     4 |    11 |    20 |    20 ||    55
       Beef jerky        |       |     1 |       |       ||     1
       Pizza             |       |       |       |     1 ||     1
       Meat ration       |       |       |       |     1 ||     1
       Fruit             |       |       |       |     1 ||     1
